[Event "Titled Tuesday Blitz May 23 Early 2023"]
[White "Theytookourjobs"]
[Black "Begunov, Konstantin"]
[BlackFideId "4118510"]
[WhiteElo "2328"]
[BlackElo "2050"]
[Result "1-0"]
[Round "03"]
[TimeControl "180+2"]
[Date "2023.05.23"]
[WhiteClock "0:00:03"]
[BlackClock "0:00:00"]

1. d4 d5 2. Bf4 c6 3. e3 Nf6 4. h3 Bf5 5. Bd3 Bxd3 6. Qxd3 e6 7. Nf3 Bd6 8. Ne5 O-O 9. Nd2 c5 10. c3 Nc6 11. O-O Qc7 12. Nxc6 Bxf4 13. exf4 Qxc6 14. dxc5 Qxc5 15. Nb3 Qb6 16. Rfe1 Ne4 17. Re2 g6 18. h4 h5 19. g3 Rac8 20. Kg2 Rc4 21. Nd2 Nxd2 22. Qxd2 Rfc8 23. Rae1 Qc6 24. Kh2 b5 25. Re5 b4 26. f5 bxc3 27. bxc3 exf5 28. Rxd5 Rxc3 29. Rd8+ Kg7 30. Qd4+ f6 31. Re7+ Kh6 32. Qf4+ g5 33. hxg5+ Kg6 34. Rd6 Rc4 35. Rxc6 Rxf4 36. Rxc8 Rxf2+ 37. Kg1 Rxa2 38. gxf6 Kxf6 39. Rb7 Kg5 40. Rc4 a5 41. Rg7+ Kf6 42. Ra7 Kg5 43. Rg7+ 1-0


[Site "https://www.chess.com"]

[Event "Titled Tuesday Blitz May 23 Early 2023"]
[White "Kielinkei"]
[Black "Todorovic, Bojan"]
[BlackFideId "917087"]
[WhiteElo "2449"]
[BlackElo "2266"]
[Result "0-1"]
[Round "03"]
[TimeControl "180+2"]
[Date "2023.05.23"]
[WhiteClock "0:00:00"]
[BlackClock "0:00:16"]

1. d4 g6 2. e4 Bg7 3. Nc3 d6 4. Be3 a6 5. h4 Nf6 6. h5 Nxh5 7. Rxh5 gxh5 8. Qxh5 Nc6 9. O-O-O e6 10. e5 h6 11. f4 Qe7 12. d5 Nd8 13. Ne4 exd5 14. Rxd5 Be6 15. exd6 cxd6 16. Nxd6+ Kf8 17. Rd1 Nc6 18. Bc5 Kg8 19. Nf3 Qf6 20. c3 Qxf4+ 21. Kb1 Rd8 22. Be2 b6 23. Ba3 Ne5 24. Nd4 Bg4 25. Bxg4 Qxg4 26. Qxg4 Nxg4 27. Nc6 Rd7 28. Nb8 Rd8 29. Nc6 Rd7 30. Nb8 Rd8 31. Nxa6 Kh7 32. Nc7 Be5 33. Ncb5 Rd7 34. Rf1 Rhd8 35. Rxf7+ Rxf7 36. Nxf7 Rd1+ 37. Kc2 Rg1 38. Nxe5 Nxe5 39. Nd4 Rxg2+ 40. Kb3 h5 41. Bd6 Nd3 42. Bc7 Rxb2+ 43. Ka3 Rf2 44. Bxb6 Nc1 0-1


[Site "https://www.chess.com"]

[Event "Titled Tuesday Blitz May 23 Early 2023"]
[White "Rottenwohrer Suarez, Juan"]
[Black "Kuchava, Ana"]
[WhiteFideId "32068182"]
[BlackFideId "13605348"]
[WhiteElo "2174"]
[BlackElo "2001"]
[Result "1-0"]
[Round "03"]
[TimeControl "180+2"]
[Date "2023.05.23"]
[WhiteClock "0:00:04"]
[BlackClock "0:00:00"]

1. d4 d5 2. c4 e6 3. Nc3 Be7 4. Bf4 Nf6 5. e3 O-O 6. Bd3 c5 7. cxd5 Nxd5 8. Bg3 cxd4 9. exd4 Nc6 10. Nge2 b6 11. O-O Bb7 12. Bc2 Ncb4 13. Bb1 Nf6 14. a3 Nbd5 15. Qd3 Rc8 16. Bh4 g6 17. Bg5 Qc7 18. Ba2 Ng4 19. f4 Bxg5 20. h3 Nxf4 21. Nxf4 Bxf4 22. hxg4 Bh2+ 23. Kh1 Rcd8 24. Rae1 Be5 25. Nb5 Qb8 26. Qe3 Bg7 27. Rd1 a6 28. Nc3 Rd7 29. Ne4 Bxe4 30. Qxe4 Rfd8 31. d5 Qb7 32. b4 exd5 33. Qf3 h6 34. Rd3 d4 35. Qf4 b5 36. Bb3 Qc7 37. Qe4 Qe5 38. Qxg6 Qg5 39. Bxf7+ Kh8 40. Qxg5 hxg5 41. Be6 Re7 42. Bf5 Re3 43. Rfd1 Rxd3 44. Rxd3 Re8 45. Kg1 Re1+ 46. Kf2 Ra1 47. Kf3 Kg8 48. Ke4 Kf8 49. Kd5 Ke7 50. Kc6 Rc1+ 51. Kb6 1-0


[Site "https://www.chess.com"]

[Event "Titled Tuesday Blitz May 23 Early 2023"]
[White "Dahlgren, James Allen"]
[Black "Gatterer, Florian"]
[WhiteFideId "22256873"]
[BlackFideId "811688"]
[WhiteElo "2194"]
[BlackElo "2221"]
[Result "0-1"]
[Round "03"]
[TimeControl "180+2"]
[Date "2023.05.23"]
[WhiteClock "0:01:57"]
[BlackClock "0:01:47"]

1. d3 d5 2. f4 Nf6 3. Nf3 g6 4. g3 Bg7 5. Bg2 c6 6. O-O Ng4 7. h3 Qb6+ 8. d4 Nf6 9. e3 Ne4 10. Kh2 h5 11. Nbd2 Bf5 12. Nxe4 Bxe4 13. Ng5 Bxg2 14. Kxg2 e6 15. b3 c5 16. Bb2 cxd4 17. Bxd4 Bxd4 18. Qxd4 Qxd4 19. exd4 Nd7 20. g4 Nf6 21. Kf3 Rc8 22. Rf2 Rc3+ 23. Kg2 hxg4 24. hxg4 Nxg4 25. Re2 Rh2+ 26. Kf1 Rh1+ 0-1


[Site "https://www.chess.com"]

[Event "Titled Tuesday Blitz May 23 Early 2023"]
[White "Acikel, Mert"]
[Black "Tarasova, Viktoriya"]
[WhiteFideId "12956465"]
[BlackFideId "4175840"]
[WhiteElo "2097"]
[BlackElo "2182"]
[Result "0-1"]
[Round "03"]
[TimeControl "180+2"]
[Date "2023.05.23"]
[WhiteClock "0:00:04"]
[BlackClock "0:00:21"]

1. e4 e5 2. Nf3 Nc6 3. Bc4 Bc5 4. c3 Nf6 5. d3 d6 6. O-O h6 7. Re1 a5 8. Bb3 Ba7 9. Nbd2 O-O 10. h3 Be6 11. Nf1 Re8 12. Ng3 Qd7 13. Be3 Bxe3 14. Rxe3 Bxb3 15. Qxb3 a4 16. Qc2 b5 17. a3 Ne7 18. Rae1 Ng6 19. d4 Nf4 20. Kh2 Kh7 21. d5 g5 22. Nf5 g4 23. Ng1 gxh3 24. gxh3 Rg8 25. Rg3 N6h5 26. Rg4 Nf6 27. Rg3 N4h5 28. Qd2 Nf4 29. Ree3 N6h5 30. Rg4 Rg6 31. Nf3 Rag8 32. Rxg6 Rxg6 33. N3h4 Rg8 34. Qd1 Qd8 35. Qf3 Qg5 36. Re1 Qf6 37. Rg1 Rxg1 38. Kxg1 Qg5+ 39. Qg4 Qxg4+ 40. hxg4 Nf6 41. f3 Nd3 42. Ne7 Nxb2 43. Nhf5 Nc4 44. Nc6 Nxa3 45. Kf2 Nc2 46. Na5 a3 0-1


[Site "https://www.chess.com"]

[Event "Titled Tuesday Blitz May 23 Early 2023"]
[White "Sargissyan, Sargis"]
[Black "Vargas Rodriguez, Wilver"]
[WhiteFideId "13303210"]
[BlackFideId "3509672"]
[WhiteElo "2109"]
[BlackElo "2246"]
[Result "1-0"]
[Round "03"]
[TimeControl "180+2"]
[Date "2023.05.23"]
[WhiteClock "0:01:34"]
[BlackClock "0:00:15"]

1. e4 c5 2. Nf3 Nc6 3. d4 cxd4 4. Nxd4 Nf6 5. Nc3 e5 6. Ndb5 d6 7. Bg5 a6 8. Na3 b5 9. Nd5 Be7 10. Bxf6 Bxf6 11. c3 O-O 12. Nc2 Bg5 13. h4 Bh6 14. g3 f5 15. exf5 Bxf5 16. Bg2 Rc8 17. O-O Kh8 18. a4 Bxc2 19. Qxc2 Nd4 20. Qd1 Nc6 21. axb5 axb5 22. Ra6 b4 23. Nxb4 Nxb4 24. cxb4 Qc7 25. Rxd6 Rfd8 26. Rd5 Rxd5 27. Qxd5 Rb8 28. b5 Bc1 29. Qc6 Qxc6 30. bxc6 Bxb2 31. c7 Rc8 32. Rb1 Rxc7 33. Rxb2 g6 34. Rb8+ Kg7 35. Rb7 Rxb7 36. Bxb7 g5 37. hxg5 Kg6 38. Be4+ Kxg5 39. Bxh7 e4 40. Bxe4 Kg4 41. Kg2 Kg5 42. f4+ Kg4 43. Bc6 Kf5 44. Kf3 Kg6 45. g4 Kf6 46. g5+ Kg6 47. Be4+ Kh5 48. Bf5 Kh4 49. g6 Kh5 50. g7 Kh6 51. g8=Q Kh5 52. Qg5# 1-0


[Site "https://www.chess.com"]

[Event "Titled Tuesday Blitz May 23 Early 2023"]
[White "Necula, Iulian"]
[Black "Mazurkiewicz, Michal"]
[WhiteFideId "1232380"]
[BlackFideId "1124943"]
[WhiteElo "1790"]
[BlackElo "2054"]
[Result "0-1"]
[Round "03"]
[TimeControl "180+2"]
[Date "2023.05.23"]
[WhiteClock "0:00:00"]
[BlackClock "0:00:08"]

1. d4 Nf6 2. Nc3 d5 3. Bf4 c6 4. e3 Bf5 5. Nf3 e6 6. a3 Bd6 7. Ne5 Qc7 8. g4 Bg6 9. h4 h6 10. Nxg6 fxg6 11. Bxd6 Qxd6 12. Bd3 Kf7 13. Qf3 Nd7 14. O-O-O g5 15. e4 Qf4+ 16. Qxf4 gxf4 17. g5 hxg5 18. hxg5 Ng4 19. exd5 exd5 20. Bf5 Nxf2 21. Rxh8 Rxh8 22. Bxd7 Nxd1 23. Kxd1 Rh5 24. g6+ Kf6 25. Be8 Rh1+ 26. Ke2 Rh2+ 27. Kf3 Rxc2 28. Na4 b6 29. Kxf4 Rc4 30. b3 Rxd4+ 31. Ke3 c5 32. Nc3 Ke5 33. Nb5 Rh4 34. Nxa7 d4+ 35. Kd2 Ke4 36. Bc6+ Kf4 37. Nc8 Rh2+ 38. Kd3 Rh3+ 39. Kc4 Rc3+ 40. Kd5 d3 41. Bb5 Ke3 42. Nxb6 d2 43. Nc4+ Rxc4 44. Bxc4 d1=Q+ 45. Kxc5 Qd4+ 46. Kb4 Qd6+ 47. Kc3 Qxa3 48. Bf7 Qa1+ 49. Kc4 Qd4+ 50. Kb5 Kd3 51. Kc6 Kc3 52. Kb5 Qd6 53. Bc4 Kd4 54. Bf7 Qc5+ 55. Ka4 Kc3 0-1


[Site "https://www.chess.com"]

[Event "Titled Tuesday Blitz May 23 Early 2023"]
[White "Singgih, Diajeng Theresa"]
[Black "Ziatdinov, Raset"]
[WhiteFideId "7104391"]
[BlackFideId "2015323"]
[WhiteElo "1891"]
[BlackElo "2220"]
[Result "0-1"]
[Round "03"]
[TimeControl "180+2"]
[Date "2023.05.23"]
[WhiteClock "0:00:00"]
[BlackClock "0:00:08"]

1. e4 e6 2. d4 d5 3. exd5 exd5 4. Nf3 Nf6 5. Bd3 Bd6 6. O-O O-O 7. Ne5 Nc6 8. Re1 h6 9. c3 Re8 10. Bf4 Ne4 11. Bxe4 dxe4 12. Nxc6 bxc6 13. Bxd6 cxd6 14. d5 cxd5 15. Qxd5 Rb8 16. b3 Bb7 17. Qd4 d5 18. Nd2 Qg5 19. Nf1 a6 20. Re3 Qe5 21. Rd1 f5 22. Qxe5 Rxe5 23. Rd4 f4 24. Re1 Rc8 25. Rc1 Re7 26. Nd2 Kf7 27. Kf1 Kf6 28. Ke2 g5 29. b4 Kf5 30. Nb3 Bc6 31. Nc5 Bb5+ 32. Ke1 Bc4 33. a4 e3 34. f3 e2 35. Rc2 Re3 36. Rc1 a5 37. Rc2 axb4 38. cxb4 Ra3 39. Rc1 Rb8 40. b5 Rc8 41. Nd3 Bxd3 42. Rxc8 Ra1+ 43. Kd2 e1=Q+ 44. Kxd3 Qe3+ 0-1


[Site "https://www.chess.com"]

[Event "Titled Tuesday Blitz May 23 Early 2023"]
[White "Dwilewicz, Katarzyna"]
[Black "Kaczur, Florian"]
[WhiteFideId "1148486"]
[BlackFideId "705098"]
[WhiteElo "2065"]
[BlackElo "2485"]
[Result "0-1"]
[Round "03"]
[TimeControl "180+2"]
[Date "2023.05.23"]
[WhiteClock "0:00:00"]
[BlackClock "0:00:38"]

1. Nf3 Nc6 2. d4 e6 3. c4 d6 4. Nc3 Nf6 5. e4 Be7 6. Bd3 e5 7. d5 Nb8 8. O-O a5 9. a3 Na6 10. Be3 Bg4 11. h3 Bh5 12. Rb1 Nc5 13. Bc2 O-O 14. b4 axb4 15. axb4 Ncd7 16. g4 Bg6 17. Nd2 h5 18. f3 Nh7 19. Qe2 Bg5 20. Kg2 Re8 21. Bd3 Nhf8 22. Qf2 Bxe3 23. Qxe3 Bh7 24. gxh5 Nf6 25. h6 Nh5 26. Ne2 Ng6 27. Kh1 Ngf4 28. Rg1 Ra3 29. Nxf4 Nxf4 30. Rxg7+ Kh8 31. Qg1 Qf6 32. Bf1 Ra2 33. Nb3 Bg6 34. Ra1 Rxa1 35. Nxa1 Qh4 36. Nc2 Qxh6 37. Rxg6 fxg6 38. c5 Ra8 39. Ne3 Ra2 40. Ng4 Qh4 41. cxd6 Nxh3 42. dxc7 Nf2+ 0-1


[Site "https://www.chess.com"]

[Event "Titled Tuesday Blitz May 23 Early 2023"]
[White "Tristan, Leonardo"]
[Black "stratacticos"]
[WhiteFideId "113816"]
[WhiteElo "2461"]
[BlackElo "1896"]
[Result "1-0"]
[Round "03"]
[TimeControl "180+2"]
[Date "2023.05.23"]
[WhiteClock "0:00:51"]
[BlackClock "0:00:00"]

1. d4 Nf6 2. Nf3 g6 3. Bf4 Bg7 4. e3 d6 5. Be2 c6 6. O-O O-O 7. h3 Qb6 8. Nbd2 Qxb2 9. Nc4 Qc3 10. Rb1 b5 11. Rb3 Qxc4 12. Bxc4 bxc4 13. Rb2 Nd5 14. Bh2 a5 15. e4 Nc3 16. Qe1 Na4 17. Rxb8 Rxb8 18. Qxa5 Nb2 19. Qc7 Ba6 20. Qxe7 Rfe8 21. Qxd6 c3 22. Qxc6 Bxf1 23. Bxb8 Rxb8 24. Kxf1 Bf8 25. Qxc3 Na4 26. Qc6 Rb1+ 27. Ke2 Nb6 28. a4 Rb2 29. a5 Na8 30. Qxa8 Rxc2+ 31. Ke3 Rc3+ 32. Kf4 Kg7 33. Ne5 g5+ 34. Kf5 1-0


[Site "https://www.chess.com"]

[Event "Titled Tuesday Blitz May 23 Early 2023"]
[White "ibove"]
[Black "Sadubayev, Airat"]
[BlackFideId "13713264"]
[WhiteElo "2298"]
[BlackElo "2157"]
[Result "0-1"]
[Round "03"]
[TimeControl "180+2"]
[Date "2023.05.23"]
[WhiteClock "0:00:54"]
[BlackClock "0:01:38"]

1. d4 d5 2. Nf3 Nf6 3. Bf4 c5 4. c3 Nc6 5. e3 Bf5 6. Bd3 Bg6 7. O-O e6 8. Ne5 Rc8 9. Bb5 Qb6 10. Qb3 c4 11. Bxc6+ bxc6 12. Qxb6 axb6 13. Nd2 Nh5 14. g4 Nxf4 15. exf4 f6 16. Nef3 Bd3 17. Rfe1 Kf7 18. Nh4 Bd6 19. Ng2 h5 20. f3 hxg4 21. fxg4 Rh3 0-1


[Site "https://www.chess.com"]

[Event "Titled Tuesday Blitz May 23 Early 2023"]
[White "Djordjevic, Vuk"]
[Black "Rose, Felix"]
[WhiteFideId "902098"]
[BlackFideId "5105722"]
[WhiteElo "2452"]
[BlackElo "2039"]
[Result "1-0"]
[Round "03"]
[TimeControl "180+2"]
[Date "2023.05.23"]
[WhiteClock "0:01:19"]
[BlackClock "0:00:02"]

1. d4 Nf6 2. Bg5 d5 3. Bxf6 gxf6 4. e3 e5 5. c4 Be6 6. cxd5 Qxd5 7. Nc3 Bb4 8. Nf3 Nc6 9. a3 exd4 10. axb4 dxc3 11. Qxd5 Bxd5 12. bxc3 Bxf3 13. gxf3 O-O-O 14. b5 Ne5 15. Rxa7 Nxf3+ 16. Ke2 Kb8 17. Ra4 Nd2 18. Bg2 Nb3 19. Rb1 Rd2+ 20. Ke1 Nc5 21. Rc4 Rb2 22. Rxb2 Nd3+ 23. Ke2 Nxb2 24. Rb4 Rg8 25. Be4 Rg4 26. Kf3 f5 27. Bxf5 Rxb4 28. cxb4 h6 29. Bc2 Nc4 30. Ke4 Nd6+ 31. Ke5 Kc8 32. b6 Nc4+ 33. Kf6 cxb6 34. Kxf7 Ne5+ 35. Kg7 h5 36. h4 Kd8 37. Bd1 Nd3 38. f4 Nxb4 39. Bxh5 Nd5 40. Bf3 Nxe3 41. h5 b5 42. h6 Nf5+ 43. Kg6 Nxh6 44. Kxh6 b4 45. f5 Ke7 46. Kg7 Kd6 47. f6 b3 48. f7 Ke5 49. f8=Q b2 50. Qf6# 1-0


[Site "https://www.chess.com"]

[Event "Titled Tuesday Blitz May 23 Early 2023"]
[White "Bashkansky, Ethan"]
[Black "Kim, Sergey"]
[WhiteFideId "2071533"]
[BlackFideId "13700570"]
[WhiteElo "2294"]
[BlackElo "2570"]
[Result "0-1"]
[Round "03"]
[TimeControl "180+2"]
[Date "2023.05.23"]
[WhiteClock "0:01:43"]
[BlackClock "0:02:35"]

1. d4 Nf6 2. c4 g6 3. Nc3 Bg7 4. e4 d6 5. f3 O-O 6. Be3 Nc6 7. Qd2 a6 8. Nge2 Rb8 9. Nc1 e5 10. d5 Nd4 11. Nb3 c5 12. dxc6 bxc6 13. Nxd4 exd4 14. Bxd4 d5 15. cxd5 cxd5 16. e5 Re8 17. Be2 Nd7 18. f4 Bh6 19. O-O Nxe5 20. b3 Nc6 21. Rad1 Nxd4 22. Qxd4 Bg7 23. Qxd5 Qb6+ 24. Kh1 Bxc3 0-1


[Site "https://www.chess.com"]

[Event "Titled Tuesday Blitz May 23 Early 2023"]
[White "Jiganchine, Roman"]
[Black "Lorenzo De La Riva, Lazaro"]
[WhiteFideId "2603667"]
[BlackFideId "2268809"]
[WhiteElo "2290"]
[BlackElo "2294"]
[Result "1-0"]
[Round "03"]
[TimeControl "180+2"]
[Date "2023.05.23"]
[WhiteClock "0:00:14"]
[BlackClock "0:01:18"]

1. e4 c6 2. d4 d5 3. exd5 cxd5 4. Nf3 Nc6 5. c4 Nf6 6. Nc3 Bg4 7. cxd5 Nxd5 8. Qb3 Bxf3 9. gxf3 Nb6 10. d5 Ne5 11. Bb5+ Ned7 12. O-O g6 13. Bg5 Bg7 14. d6 O-O 15. dxe7 Qc8 16. exf8=Q+ Nxf8 17. Ne4 Qh3 18. Rfe1 Ne6 19. f4 Qh5 20. Qg3 Nd4 21. Bf1 Nf3+ 22. Kh1 Nxe1 23. Rxe1 h6 24. Be2 Qxe2 25. Rxe2 hxg5 26. Nxg5 Rd8 27. Qb3 Rd5 28. Kg2 Bf6 29. Ne4 Be7 30. Nc3 Rd7 31. Qb5 Kg7 32. Qxd7 Nxd7 33. Rxe7 Nc5 34. Rc7 Ne6 35. Rxb7 Nxf4+ 36. Kf3 Nd3 37. b3 a5 38. Nd5 Nc1 39. Ne3 Nxa2 40. Rb5 Nc1 41. Nc4 Nd3 42. Ke2 Nf4+ 43. Kf3 Ne6 44. Rxa5 Nd4+ 45. Kg2 Nxb3 46. Ra7 Nc5 47. Ne5 Kh6 48. Nxf7+ Kg7 49. Ne5+ Kf6 50. Nf3 Ne4 51. h3 Nc3 52. Ra5 Ne4 53. Nh2 Nc3 54. Ng4+ Ke6 55. Ra6+ Kf5 56. Ne3+ Kg5 57. Ra5+ Kh6 58. Rc5 Ne4 59. Rc6 Kh5 60. Ng4 Nd2 61. Ne5 g5 62. Nf3 Ne4 63. Re6 Nc5 64. Re5 Nd3 65. Rxg5+ Kh6 66. Rg4 Nc5 67. Rd4 Kg7 68. Rd5 Ne6 69. Re5 Nf4+ 70. Kg3 Ng6 71. Rg5 Kf6 72. Rxg6+ Kxg6 73. Kg4 Kh6 74. Nh4 Kg7 75. Kf5 Kh6 76. Ng2 Kh5 77. f4 Kh6 78. Kf6 Kh7 79. Ke7 Kg8 80. f5 Kg7 81. f6+ Kh7 82. f7 Kg6 83. f8=Q 1-0


[Site "https://www.chess.com"]

[Event "Titled Tuesday Blitz May 23 Early 2023"]
[White "Rosenberg, Evan S"]
[Black "robertoalejandro10"]
[WhiteFideId "2019299"]
[WhiteElo "2290"]
[BlackElo "2553"]
[Result "0-1"]
[Round "03"]
[TimeControl "180+2"]
[Date "2023.05.23"]
[WhiteClock "0:00:00"]
[BlackClock "0:00:02"]

1. d4 Nf6 2. Nf3 c5 3. d5 d6 4. Nc3 g6 5. e4 Bg7 6. Bb5+ Bd7 7. a4 O-O 8. O-O Na6 9. Re1 Nc7 10. Bf1 a6 11. h3 Rb8 12. a5 Nb5 13. Nxb5 axb5 14. e5 Ne8 15. e6 fxe6 16. dxe6 Bc6 17. Ng5 Ra8 18. Nf7 Qc7 19. Bd2 Bxb2 20. Ra2 Bg7 21. c4 b4 22. Nh6+ Bxh6 23. Bxh6 Rf5 24. Bd3 Rh5 25. Qd2 Rxa5 26. Rea1 b6 27. Qf4 Nf6 28. Bg5 Kg7 29. Be2 Rxg5 30. Qxg5 Qa7 31. Rxa5 bxa5 32. h4 b3 33. h5 Be4 34. h6+ Kg8 35. Qc1 Qb6 36. Qb2 Qb4 37. g4 a4 38. g5 Ne8 39. f3 Bc2 40. Kf2 Qa5 41. Kg3 Qb4 42. f4 Qd2 43. Rxa4 Qxe2 44. Ra8 Qe3+ 45. Kh2 Qxf4+ 0-1


[Site "https://www.chess.com"]

[Event "Titled Tuesday Blitz May 23 Early 2023"]
[White "Fantinel, Thibault"]
[Black "Zampronha, Wladimir Camilo"]
[WhiteFideId "663395"]
[BlackFideId "2103087"]
[WhiteElo "2316"]
[BlackElo "2176"]
[Result "0-1"]
[Round "03"]
[TimeControl "180+2"]
[Date "2023.05.23"]
[WhiteClock "0:00:00"]
[BlackClock "0:00:09"]

1. Nf3 Nf6 2. g3 e6 3. Bg2 d5 4. O-O Be7 5. c4 O-O 6. b3 d4 7. e3 c5 8. exd4 cxd4 9. d3 Nc6 10. Re1 Bb4 11. Bd2 a5 12. a3 Bxd2 13. Nbxd2 Re8 14. Ne5 Qd6 15. c5 Qc7 16. Nec4 Bd7 17. Nb6 Rad8 18. Ndc4 e5 19. Rc1 Be6 20. Qd2 Nd5 21. Nxd5 Bxd5 22. Nd6 Bxb3 23. Nxe8 Rxe8 24. f4 f6 25. Be4 a4 26. f5 Ne7 27. Qb4 Rb8 28. Rb1 Nd5 29. Bxd5+ Bxd5 30. Qb6 Qd7 31. Qd6 Qxd6 32. cxd6 Rd8 33. Rec1 Bc6 34. Rc5 Rxd6 35. Kf2 g6 36. fxg6 hxg6 37. h4 Kf7 38. Rb6 Ke6 39. Ra5 f5 40. Ra8 e4 41. Rg8 Kd5 42. Ke2 Re6 43. dxe4+ fxe4 44. Rb4 d3+ 45. Ke3 Rf6 46. Rd8+ Kc5 47. Rxe4 Bxe4 48. Kxe4 Rb6 49. Rxd3 Rb3 50. Kf3 Rxd3+ 0-1


[Site "https://www.chess.com"]

[Event "Titled Tuesday Blitz May 23 Early 2023"]
[White "De Souza, Cristiano Gomes"]
[Black "Guerra Tulcan, Lenin"]
[WhiteFideId "2151758"]
[BlackFideId "3601382"]
[WhiteElo "2068"]
[BlackElo "2368"]
[Result "0-1"]
[Round "03"]
[TimeControl "180+2"]
[Date "2023.05.23"]
[WhiteClock "0:00:53"]
[BlackClock "0:01:34"]

1. d4 Nf6 2. c4 c5 3. Nf3 cxd4 4. Nxd4 e5 5. Nb5 Nc6 6. Nd6+ Bxd6 7. Qxd6 Qe7 8. Qxe7+ Nxe7 9. Nc3 d5 10. cxd5 Nexd5 11. Nxd5 Nxd5 12. e4 Nb4 13. Bb5+ Bd7 14. Bxd7+ Kxd7 15. O-O Rhc8 16. a3 Nc2 17. Rb1 Ke6 18. f4 f6 19. fxe5 fxe5 20. Bd2 Nd4 21. Bc3 Ne2+ 22. Kh1 b6 23. Rf3 Rc4 24. Re1 Nxc3 25. Rxc3 Rxc3 26. bxc3 Rc8 27. Re3 Rc4 28. Kg1 Ra4 29. Rg3 g6 30. Rh3 h5 31. Rg3 Kf6 32. Rf3+ Kg7 33. Rd3 Rxa3 34. Kf2 Kh6 35. h3 h4 36. g4 Kg5 37. Ke3 a5 38. Kd2 Kf4 39. Rd6 g5 40. Rxb6 Kxe4 41. Rg6 Ra2+ 42. Kc1 Kf4 43. Rf6+ Kg3 44. Rf5 Kxh3 45. Rxg5 Kg3 46. Rxe5 h3 47. g5 h2 0-1


[Site "https://www.chess.com"]

[Event "Titled Tuesday Blitz May 23 Early 2023"]
[White "Tokman, Ariel"]
[Black "Jimenez Fernandez, Rebeca"]
[WhiteFideId "117420"]
[BlackFideId "32070934"]
[WhiteElo "2263"]
[BlackElo "2008"]
[Result "1-0"]
[Round "03"]
[TimeControl "180+2"]
[Date "2023.05.23"]
[WhiteClock "0:00:08"]
[BlackClock "0:00:00"]

1. c4 e5 2. g3 Nc6 3. Bg2 g6 4. Nc3 Bg7 5. e4 d6 6. Nge2 Be6 7. d3 Qd7 8. Nd5 Nd8 9. Be3 c6 10. Ndc3 Bh3 11. Bxh3 Qxh3 12. Ng1 Qd7 13. h4 h5 14. Nf3 Ne7 15. d4 exd4 16. Bxd4 Ne6 17. Bxg7 Nxg7 18. Qd4 O-O 19. Rd1 Rad8 20. Qxa7 Rfe8 21. O-O Qg4 22. Nh2 Qe6 23. Qd4 Kh7 24. Rfe1 Ng8 25. Nf3 f6 26. b3 Nh6 27. Nh2 Qe7 28. Re3 Ne6 29. Qd2 Nc5 30. b4 Na6 31. Ne2 Nf7 32. Nf4 Nc7 33. Qc2 Ne6 34. Nxe6 Qxe6 35. a3 Ne5 36. Rc1 Ng4 37. Nxg4 Qxg4 38. Qd3 Re6 39. Qe2 Qxe2 40. Rxe2 Rde8 41. Rce1 d5 42. cxd5 cxd5 43. f3 f5 44. e5 Kg7 45. f4 Ra6 46. Re3 Rea8 47. Rc1 R8a7 48. Rc7+ Kf8 49. Kf2 Rxa3 50. Rxa3 Rxa3 51. Rxb7 Ke8 52. Rb6 Ke7 53. Rxg6 Rb3 54. Rg7+ Ke6 55. Rg6+ Ke7 56. Rh6 Rxb4 57. Rxh5 Rb2+ 58. Kf3 Rb3+ 59. Kg2 d4 60. Rxf5 d3 61. Kf2 Rb8 62. Ke3 Rd8 63. Kd2 Ke6 64. Rf6+ Ke7 65. Rd6 1-0


[Site "https://www.chess.com"]

[Event "Titled Tuesday Blitz May 23 Early 2023"]
[White "Lehtosaari, Mauri"]
[Black "Nissinen, Niilo Man"]
[WhiteFideId "501999"]
[BlackFideId "30950767"]
[WhiteElo "2498"]
[BlackElo "1952"]
[Result "1-0"]
[Round "03"]
[TimeControl "180+2"]
[Date "2023.05.23"]
[WhiteClock "0:00:09"]
[BlackClock "0:00:00"]

1. d4 Nf6 2. Nf3 g6 3. Bg5 Bg7 4. Nbd2 d5 5. e3 O-O 6. Be2 c5 7. c3 Qb6 8. Qb3 c4 9. Qxb6 axb6 10. O-O b5 11. Bxf6 Bxf6 12. e4 e6 13. a3 Nc6 14. Rfe1 Bg7 15. h3 Na5 16. Rad1 b6 17. Nh2 Bb7 18. Bf3 dxe4 19. Nxe4 Bd5 20. Nd6 Bxf3 21. Nxf3 Rfd8 22. Nxb5 Nb3 23. d5 exd5 24. Nc7 Ra5 25. Re2 Rc5 26. Na6 Ra5 27. Nb4 d4 28. Nc6 d3 29. Ree1 Rad5 30. Nxd8 Rxd8 31. Re4 b5 32. Re7 Rb8 33. Kf1 Bf6 34. Rc7 Bd8 35. Rd7 Nc5 36. Rd5 Na4 37. Rd2 Bf6 38. g3 h5 39. h4 b4 40. axb4 Nxb2 41. Nd4 1-0


[Site "https://www.chess.com"]

[Event "Titled Tuesday Blitz May 23 Early 2023"]
[White "lluiss"]
[Black "Korkmaz, Necmettin"]
[BlackFideId "6303285"]
[WhiteElo "2274"]
[BlackElo "2097"]
[Result "0-1"]
[Round "03"]
[TimeControl "180+2"]
[Date "2023.05.23"]
[WhiteClock "0:00:00"]
[BlackClock "0:00:14"]

1. Nf3 d5 2. d4 Nf6 3. c4 c6 4. cxd5 cxd5 5. Nc3 Nc6 6. Bf4 a6 7. e3 Bf5 8. Bd3 Bxd3 9. Qxd3 e6 10. O-O Bd6 11. Bxd6 Qxd6 12. h3 O-O 13. Rfc1 b5 14. Nd2 Rfc8 15. Nb3 e5 16. dxe5 Nxe5 17. Qe2 Nc4 18. Rd1 Qe5 19. Nd4 Ne4 20. Rac1 Rc5 21. Nf3 Nxc3 22. Rxc3 Qf6 23. Rdc1 Rcc8 24. b3 Nd6 25. Qc2 h6 26. Qd3 Rxc3 27. Rxc3 Re8 28. Rc6 Qa1+ 29. Kh2 Ne4 30. Rc2 Rd8 31. Nd4 Qe1 32. Qe2 Qb1 33. Rb2 Qc1 34. Rc2 Qb1 35. Rb2 Qa1 36. Rc2 Nc3 37. Qd2 b4 38. Nf3 Qf1 39. Nd4 a5 40. Nf5 Qa6 41. Ng3 Qd6 0-1


[Site "https://www.chess.com"]

[Event "Titled Tuesday Blitz May 23 Early 2023"]
[White "Lucas, Arthur"]
[Black "Filip, Andrei"]
[WhiteFideId "26093073"]
[BlackFideId "1249452"]
[WhiteElo "2251"]
[BlackElo "2202"]
[Result "1-0"]
[Round "03"]
[TimeControl "180+2"]
[Date "2023.05.23"]
[WhiteClock "0:00:30"]
[BlackClock "0:00:10"]

1. e4 c5 2. Nc3 Nc6 3. Bb5 g6 4. Bxc6 dxc6 5. f4 Bg7 6. Nf3 Nf6 7. O-O O-O 8. d3 Qc7 9. Qe1 e5 10. Nxe5 b5 11. Be3 Qb6 12. b4 Re8 13. Bxc5 Qc7 14. a4 bxa4 15. Nxa4 Ng4 16. Nxg4 Bxg4 17. e5 f6 18. d4 Be6 19. Bd6 Qd8 20. Nc5 Bd5 21. Qg3 Qb6 22. exf6 Bxf6 23. c3 Re2 24. Rf2 Rae8 25. Nd7 Re1+ 26. Rxe1 Rxe1+ 27. Rf1 Bxd4+ 28. cxd4 Qxd4+ 29. Qf2 Rxf1+ 30. Kxf1 Qd1+ 31. Qe1 Bc4+ 32. Kf2 Qxd6 33. Qe8+ Kg7 34. Qe5+ Qxe5 35. Nxe5 Bb5 36. Ke3 Kf6 37. g4 Ke6 38. Kd4 Kd6 39. Nf7+ Ke6 40. Ng5+ Ke7 41. Nxh7 Be2 42. h3 Kd6 43. Ng5 c5+ 44. bxc5+ Kc6 45. Nf7 a5 46. Ne5+ Kc7 47. Nxg6 a4 48. Ne5 a3 49. Kc3 Bf1 50. h4 a2 51. Kb2 1-0


[Site "https://www.chess.com"]

[Event "Titled Tuesday Blitz May 23 Early 2023"]
[White "Goncalves, Davi Sulzbacher"]
[Black "Alhadad, Mahmoud"]
[WhiteFideId "2154510"]
[BlackFideId "11501863"]
[WhiteElo "2182"]
[BlackElo "1955"]
[Result "1-0"]
[Round "03"]
[TimeControl "180+2"]
[Date "2023.05.23"]
[WhiteClock "0:00:04"]
[BlackClock "0:00:00"]

1. Nf3 Nc6 2. c4 e5 3. Nc3 f5 4. d4 e4 5. Ng5 Bb4 6. g3 Qf6 7. a3 Bxc3+ 8. bxc3 d6 9. Bg2 h6 10. Nh3 Na5 11. Qa4+ Nc6 12. O-O Bd7 13. Nf4 Nxd4 14. Qd1 Nc6 15. Nd5 Qd8 16. f3 exf3 17. exf3 Nge7 18. Rb1 Rb8 19. c5 dxc5 20. Bf4 Nxd5 21. Qxd5 Ne7 22. Rfe1 b6 23. Re3 Kf8 24. Qa2 Ng6 25. Rd1 Nxf4 26. gxf4 Qc8 27. Qd5 Ba4 28. Rde1 Qd7 29. Qa2 Rd8 30. Bf1 Qf7 31. Bc4 Qg6+ 32. Kh1 b5 33. Be6 Re8 34. Qe2 Qf6 35. Bd5 Rxe3 36. Qxe3 Qd8 37. Qe6 Qe7 38. Qc8+ 1-0


[Site "https://www.chess.com"]

[Event "Titled Tuesday Blitz May 23 Early 2023"]
[White "Dilmukhametov, Artur"]
[Black "Rom, Jasper"]
[WhiteFideId "24179922"]
[BlackFideId "2023733"]
[WhiteElo "2242"]
[BlackElo "2233"]
[Result "0-1"]
[Round "03"]
[TimeControl "180+2"]
[Date "2023.05.23"]
[WhiteClock "0:01:57"]
[BlackClock "0:01:05"]

1. e4 e6 2. d4 d5 3. exd5 exd5 4. Nc3 Nf6 5. Bf4 Bd6 6. Bxd6 Qxd6 7. Nf3 O-O 8. Bd3 Bg4 9. h3 Bh5 10. g4 Bg6 11. Qd2 Re8+ 12. Be2 Ne4 13. Nxe4 Bxe4 14. O-O-O Nc6 15. Rhg1 Nb4 16. g5 Bxc2 17. Rde1 Be4 18. h4 Qc6+ 19. Kd1 Bc2+ 0-1


[Site "https://www.chess.com"]